 Dungeon Crawl Stone Soup version 0.31.0-32-g396128a36d (webtiles) character file.

Game seed: 14936674186747116793

137 monsoonserge the Conjurer (level 5, -6/37 HPs)
             Began as a Gnoll Conjurer on Mar 16, 2024.
             Mangled by Grinder (8 damage)
             ... while paralysed by Grinder
             ... on level 3 of the Dungeon.
             The game lasted 00:07:04 (2565 turns).

monsoonserge the Conjurer (Gnoll Conjurer)          Turns: 2565, Time: 00:07:04

Health: -6/37      AC:  5    Str:  6    XL:     5   Next: 20%
Magic:  2/12       EV:  2    Int: 25    God:
Gold:   130        SH:  0    Dex: 11    Spells: 11/14 levels left

rFire   . . .        q - +0 spear (heavy)
rCold   . . .        (no shield)
rNeg    . . .        j - +0 ring mail
rPois   .            (no helmet)
rElec   .            (no cloak)
rCorr   .            (no gloves)
SInv    .            (no boots)
Will    .....        (no amulet)
Stlth   ++           o - +6 ring of intelligence
HPRegen 0.26/turn    (no ring)
MPRegen 0.13/turn

%: no passive effects
@: paralysed
A: fangs 1, strong nose, distributed training
a: no special abilities


You were on level 3 of the Dungeon.
You visited 1 branch of the dungeon, and saw 3 of its levels.

You collected 130 gold pieces.

Inventory:

Hand Weapons
 m - a +0 short sword
 q - a +0 heavy spear (weapon)
Missiles
 l - 14 poisoned darts (quivered)
Armour
 j - a +0 ring mail (worn)
Jewellery
 o - a +6 ring of intelligence (left hand)
Scrolls
 c - a scroll of poison {unknown}
 d - a scroll of noise {unknown}
 e - 2 scrolls of enchant armour {unknown}
 g - 5 scrolls of identify {unknown}
 h - 2 scrolls of teleportation {unknown}
 n - a scroll of fog {unknown}
 p - a scroll of amnesia {unknown}
Potions
 a - 2 potions of berserk rage {unknown}
 b - a potion of magic
 f - a potion of degeneration {unknown}
 i - 2 potions of attraction {unknown}
 k - a potion of curing {unknown}


   Skills:
 + Level 1.4 Fighting
 + Level 1.4 Short Blades
 + Level 1.4 Long Blades
 + Level 1.4 Axes
 + Level 1.4 Maces & Flails
 + Level 1.4 Polearms
 + Level 1.4 Staves
 + Level 1.4 Ranged Weapons
 + Level 1.4 Throwing
 + Level 1.4 Armour
 + Level 4.8 Dodging
 + Level 4.4 Stealth
 + Level 1.4 Shields
 + Level 1.4 Unarmed Combat
 + Level 5.2 Spellcasting
 + Level 7.2 Conjurations
 + Level 1.1 Hexes
 + Level 1.1 Summonings
 + Level 1.1 Necromancy
 + Level 1.1 Translocations
 + Level 1.1 Fire Magic
 + Level 1.1 Ice Magic
 + Level 1.1 Air Magic
 + Level 1.1 Earth Magic
 + Level 1.1 Alchemy
 + Level 1.6 Invocations
 + Level 1.4 Evocations
 + Level 1.3 Shapeshifting


You had 11 spell levels left.
You knew the following spells:

 Your Spells              Type           Power      Damage    Failure   Level
a - Magic Dart            Conj           100%       1d8       1%          1
b - Searing Ray           Conj           84%        2d7       2%          2

Your spell library contained the following spells:

 Spells                   Type           Power      Damage    Failure   Level
 Stone Arrow              Conj/Erth      54%        3d10      17%         3
 Sandblast                Erth           24%        2d8       21%         1
 Brom's Barrelling Bould  Conj/Erth      27%        2d5       50%         4
 Fulminant Prism          Conj/Alch      13%        3d9       50%         4
 Iskenderun's Mystic Bla  Conj/Tloc      27%        2d7       50%         4
 Passwall                 Erth           12%        N/A       52%         3


Dungeon Overview and Level Annotations

Branches:
Dungeon (3/15)

Altars:
Ashenzari

Annotations:
D:3 Grinder


Innate Abilities, Weirdness & Mutations

You have very sharp teeth.
Your uncanny sense of smell can sniff out nearby items.
Your experience applies equally to all skills.


Message History

Casting: Searing Ray (safe; 2% risk of failure)
Confirm with . or Enter, or press ? or * to list all spells.
Restarting spell: Searing Ray (safe; 2% risk of failure)
Press: ? - help, Shift-Dir - straight line, f - Grinder
Aim: Grinder (80% to hit)
The searing ray hits Grinder!
Grinder is moderately wounded. (Press . to maintain the ray.) Grinder gestures at you.
Pain shoots through your body!
The searing ray hits Grinder!
Grinder is heavily wounded.
Grinder gestures at you.
You suddenly lose the ability to move!
You can move again.
Unknown command.
Casting: Searing Ray (safe; 2% risk of failure)
Confirm with . or Enter, or press ? or * to list all spells.
Aiming: Searing Ray (safe; 2% risk of failure)
Press: ? - help, Shift-Dir - straight line, f/p - Grinder
Aim: Grinder (heavily wounded, 80% to hit)
The searing ray hits Grinder!
Grinder is severely wounded. (Press . to maintain the ray.) Grinder hits you.
You writhe in agony.
The searing ray hits Grinder.
Grinder is severely wounded.
Grinder hits you.
You writhe in agony.
The searing ray hits Grinder.
Grinder is almost dead.
Grinder gestures at you.
You suddenly lose the ability to move!
Grinder hits you.
You writhe in agony.
* * * LOW HITPOINT WARNING * * *
Grinder gestures at you. Pain shoots through your body!
* * * LOW HITPOINT WARNING * * *
Grinder hits you!
You die...
Grinder says, "Hey, I wasn't done torturing you yet!"

##.#####.#>....################
### #.###...#..............##
#.#####.'...............##
#.##<...#................#
#.####################.... #..
##...
######################....
........#................#
#...5@..............##
#...#..............##
#...################ #....
.....# #...$ .......### ......
..........# #...#.# ..#.......#
.#.# .. .#........#
#..(#.....#####


You could see Grinder.

Vanquished Creatures
  Terence (D:3)
  3 gnolls (D:3)
  2 adders
  A ribbon worm (D:2)
  An orc (D:3)
  5 endoplasms
  3 giant cockroaches
  4 goblins
  5 hobgoblins
  8 jackals
  4 quokkas
  5 ball pythons
  4 bats
  4 frilled lizards
  3 kobolds
  7 rats
60 creatures vanquished.

Notes
Turn   | Place    | Note
-------+----------+-------------------------------------------
     0 | D:1      | monsoonserge the Gnoll Conjurer began the quest for the
                  | Orb.
     0 | D:1      | Reached XP level 1. HP: 13/13 MP: 6/6
   340 | D:1      | Found a faded altar of an unknown god.
   356 | D:1      | Reached XP level 2. HP: 19/19 MP: 5/7
   360 | D:1      | Learned a level 2 spell: Searing Ray
   996 | D:1      | Reached skill level 5 in Spellcasting
   996 | D:1      | Reached XP level 3. HP: 25/25 MP: 6/9
  1354 | D:2      | Reached skill level 1 in Invocations
  1553 | D:2      | Reached skill level 1 in Fighting
  1553 | D:2      | Reached skill level 1 in Short Blades
  1553 | D:2      | Reached skill level 1 in Long Blades
  1553 | D:2      | Reached skill level 1 in Axes
  1553 | D:2      | Reached skill level 1 in Maces & Flails
  1553 | D:2      | Reached skill level 1 in Polearms
  1553 | D:2      | Reached skill level 1 in Staves
  1553 | D:2      | Reached skill level 1 in Ranged Weapons
  1553 | D:2      | Reached skill level 1 in Throwing
  1553 | D:2      | Reached skill level 1 in Armour
  1553 | D:2      | Reached skill level 1 in Shields
  1553 | D:2      | Reached skill level 1 in Unarmed Combat
  1553 | D:2      | Reached skill level 1 in Evocations
  1751 | D:2      | Reached skill level 1 in Shapeshifting
  1751 | D:2      | Reached XP level 4. HP: 32/32 MP: 7/11
  2097 | D:3      | Found a broken altar of Ashenzari.
  2150 | D:3      | Reached skill level 1 in Hexes
  2150 | D:3      | Reached skill level 1 in Summonings
  2150 | D:3      | Reached skill level 1 in Necromancy
  2150 | D:3      | Reached skill level 1 in Translocations
  2150 | D:3      | Reached skill level 1 in Fire Magic
  2150 | D:3      | Reached skill level 1 in Ice Magic
  2150 | D:3      | Reached skill level 1 in Air Magic
  2150 | D:3      | Reached skill level 1 in Earth Magic
  2150 | D:3      | Reached skill level 1 in Alchemy
  2159 | D:3      | Noticed Terence
  2163 | D:3      | Killed Terence
  2164 | D:3      | Reached XP level 5. HP: 37/37 MP: 0/12
  2550 | D:3      | Noticed Grinder
  2558 | D:3      | Paralysed by Grinder for 2 turns
  2562 | D:3      | Paralysed by Grinder for 4 turns
  2565 | D:3      | Mangled by Grinder

Illustrated notes

Levels and vault maps discovered:
D:1:      giann_forest_graveyard, layout_basic,
          hellmonk_ecumenical_altar_arch_garden
D:2:      layout_rooms
D:3:      layout_basic, evilmike_ruin_ashenzari, minmay_splitting_lines,
          nrook_uturn, chequers_arboretum, uniq_terence, uniq_grinder

Skill      XL: |  1  2  3  4 |
---------------+-------------+-----
Spellcasting   | 5 |  5.2
Invocations    | 1 |  1.6
Fighting       | 1 |  1.4
Short Blades   | 1 |  1.4
Long Blades    | 1 |  1.4
Axes           | 1 |  1.4
Maces & Flails | 1 |  1.4
Polearms       | 1 |  1.4
Staves         | 1 |  1.4
Ranged Weapons | 1 |  1.4
Throwing       | 1 |  1.4
Armour         | 1 |  1.4
Shields        | 1 |  1.4
Unarmed Combat | 1 |  1.4
Evocations     | 1 |  1.4
Shapeshifting  | 1 |  1.3
Hexes          | 1 |  1.1
Summonings     | 1 |  1.1
Necromancy     | 1 |  1.1
Translocations | 1 |  1.1
Fire Magic     | 1 |  1.1
Ice Magic      | 1 |  1.1
Air Magic      | 1 |  1.1
Earth Magic    | 1 |  1.1
Alchemy        | 1 |  1.1
Dodging        | |  4.8
Stealth        | |  4.4
Conjurations   | |  7.2

Action                     |  1- 3 |  4- 6 || total
---------------------------+-------+-------++-------
  Melee: Short sword       |     2 |     3 ||     5
         Spear             |       |     7 ||     7
   Cast: Magic Dart        |    51 |     2 ||    53
         Searing Ray       |     9 |    13 ||    22
   Stab: Sleeping          |       |     1 ||     1
 Armour: Robe              |     3 |       ||     3
         Ring mail         |       |    13 ||    13
  Dodge: Dodged            |     8 |    10 ||    18
